 Dungeon Crawl Stone Soup version 0.31-a0-716-gc7603755dd (webtiles) character file.

Game seed: 8595047998969024449

1462 GloriousHammer the Skirmisher (level 8, -2/37 HPs)
             Began as a Deep Elf Hexslinger on Sept 9, 2023.
             Was a Follower of Hepliaklqana.
             Engulfed by a steam dragon's steam (4 damage)
             ... on level 7 of the Dungeon on Sept 11, 2023.
             The game lasted 00:15:15 (6227 turns).

GloriousHammer the Skirmisher (Deep Elf Hexslinger) Turns: 6227, Time: 00:15:15

Health: -2/37      AC:  4    Str:  5    XL:     8   Next: 48%
Magic:  19/19      EV: 13    Int: 19    God:    Hepliaklqana [*.....]
Gold:   277        SH:  0    Dex: 19    Spells: 0/19 levels left

rFire   . . .        a - +1 sling
rCold   . . .        (no shield)
rNeg    . . .        c - +0 robe
rPois   .            (no helmet)
rElec   .            o - +0 cloak
rCorr   .            s - +0 pair of gloves
SInv    .            (no boots)
Will    .....        (no amulet)
Stlth   +            (no ring)
HPRegen 0.26/turn    (no ring)
MPRegen 0.16/turn

%: no passive effects
@: confused, ambrosia-drunk
A: reduced essence
a: Renounce Religion, Recall Ancestor, Ancestor Identity


You were on level 7 of the Dungeon.
You worshipped Hepliaklqana.
Hepliaklqana was aware of your devotion.
You visited 1 branch of the dungeon, and saw 7 of its levels.
You also visited: Sewer.

You collected 277 gold pieces.

Inventory:

Hand Weapons
 a - a +1 sling (weapon)
 D - a +2 falchion of freezing
Missiles
 v - 33 poisoned darts
Armour
 c - a +0 robe (worn)
 o - a +0 cloak (worn)
 s - a +0 pair of gloves (worn)
Jewellery
 m - a ring of magical power
 M - a ring of magical power
 R - a ring of resist corrosion
 Z - a ring of wizardry
Wands
 q - a wand of charming (12)
 x - a wand of polymorph (7)
 y - a wand of roots (12)
Scrolls
 b - a scroll of poison
 e - 2 scrolls of fog {unknown}
 g - 5 scrolls of noise
 h - 2 scrolls of revelation
 i - a scroll of enchant armour {unknown}
 k - 3 scrolls of teleportation
 r - 2 scrolls of blinking {unknown}
 w - 2 scrolls of amnesia
 I - a scroll of identify
Potions
 d - a potion of heal wounds {unknown}
 f - 3 potions of ambrosia
 j - 4 potions of mutation {unknown}
 l - 4 potions of curing {unknown}
 n - 2 potions of brilliance {unknown}
 p - a potion of lignification {unknown}
 t - a potion of berserk rage {unknown}
 u - 4 potions of might {unknown}
 z - a potion of enlightenment {unknown}
 A - a potion of attraction {unknown}
 B - a potion of invisibility {unknown}
 C - 2 potions of haste {unknown}


   Skills:
 + Level 0.7 Fighting
 + Level 10.5 Ranged Weapons
 + Level 2.4 Dodging
 + Level 0.0 Stealth
 - Level 6.0 Spellcasting
 + Level 8.0 Hexes
 - Level 2.0 Fire Magic
 + Level 0.0 Air Magic


You couldn't memorise any spells.
You knew the following spells:

 Your Spells              Type           Power      Damage    Failure   Level
a - Jinxbite              Hex            72%        N/A       1%          2
b - Sigil of Binding      Hex            36%        N/A       1%          3
c - Inner Flame           Hex/Fire       24%        N/A       4%          3
d - Cause Fear            Hex            18%        N/A       4%          4
e - Dimensional Bullseye  Hex/Tloc       10%        N/A       22%         4
f - Swiftness             Air            5%         N/A       32%         3

Your spell library contained the following spells:

 Spells                   Type           Power      Damage    Failure   Level
 Ensorcelled Hibernation  Hex/Ice        40%        N/A       3%          2
 Scorch                   Fire           26%        2d6       8%          2
 Magic Dart               Conj           20%        1d4       11%         1
 Call Imp                 Summ           10%        N/A       17%         2
 Passwall                 Tmut/Erth      4%         N/A       17%         2
 Mephitic Cloud           Conj/Pois/Air  5%         N/A       32%         3
 Ozocubu's Armour         Ice            5%         N/A       32%         3
 Flame Wave               Conj/Fire      9%         2d6       58%         4
 Summon Cactus Giant      Summ           2%         N/A       100%        6
 Ozocubu's Refrigeration  Ice            2%         4d8       100%        7


Dungeon Overview and Level Annotations

Branches:
Dungeon (7/15)              Sewer (visited)
 Temple: D:4-7

Altars:
Hepliaklqana
Xom

Annotations:
D:7 Prince Ribbit


Message History

Appius barely misses the orc.
You shoot a sling bullet. Appius avoids your attack.
The sling bullet hits the orc.
The orc is lightly wounded.
The orc hits Appius with a +0 falchion.
An orc comes into view. It is wielding a +0 flail.
Appius hits the orc.
You shoot a sling bullet. Appius avoids your attack.
The sling bullet hits the orc.
The orc is severely wounded.
The orc barely misses Appius.
You shoot a sling bullet. Appius avoids your attack.
The sling bullet closely misses the orc.
Appius hits the orc.
The orc dies!
Your Hexes skill increases to level 8!
You shoot a sling bullet. Appius avoids your attack.
The sling bullet hits the orc!
You kill the orc!
No target in view!
No target in view!
You swap places.
Items here: )))) [[ ††.
You swap places.
Things that are here:
a +0 hand axe; 3 boomerangs; a +0 chain mail You feel your willpower return.
You see here a +0 robe.
You swap places.
You see here a +0 robe.
Things that are here:
a +1 whip of freezing; a +0 robe; the kobold skeleton of Pikel Done exploring.
Done exploring.
Done exploring.
Done exploring.
Done exploring.
Search for what [Enter for "."]? .
You swap places.
You see here a +2 falchion of freezing.
D - a +2 falchion of freezing Unknown command.
Casting: Jinxbite (safe; 1% risk of failure)
Confirm with . or Enter, or press ? or * to list all spells.
Okay, then.
This spell is extremely dangerous to cast!
You start memorising the spell.
You continue memorising. x4
You finish memorising.
Spell assigned to 'e'.
Okay, then.
This spell is quite dangerous to cast!
You start memorising the spell.
You continue memorising. x3
You finish memorising.
Spell assigned to 'f'.
There is a stone staircase leading down here.
You climb downwards.
The steam dragon hisses angrily.
Found 7 gold pieces and a leather armour.
There is a stone staircase leading up here.
A steam dragon is nearby!
You shoot a sling bullet. The sling bullet hits the steam dragon.
The steam dragon is lightly wounded.
You shoot a sling bullet.
The sling bullet completely misses the steam dragon.
The steam dragon breathes steam at you. The ball of steam hits you!
You hear a loud, deep croak!
Unknown command.
Casting: Jinxbite (safe; 1% risk of failure)
Confirm with . or Enter, or press ? or * to list all spells.
There is nobody nearby that the sprites are interested in.
No target in view!
You shoot a sling bullet. The sling bullet hits the steam dragon.
The steam dragon is lightly wounded.
You are engulfed in a cloud of scalding steam.
Prince Ribbit comes into view.
Appius closely misses the steam dragon.
You shoot a sling bullet. Appius avoids your attack.
The sling bullet hits the steam dragon!
The steam dragon is moderately wounded.
Appius hits the steam dragon but does no damage.
You shoot a sling bullet.
The sling bullet barely misses the steam dragon.
Prince Ribbit blinks!
Appius completely misses the steam dragon.
You shoot a sling bullet.
The sling bullet hits the steam dragon but does no damage.
The steam dragon is moderately wounded.
The steam dragon bites you. The steam dragon misses you.
Appius hits the steam dragon.
You shoot a sling bullet. The sling bullet hits the steam dragon.
The steam dragon is heavily wounded.
The steam dragon breathes steam at you. The ball of steam hits you!!
* * * LOW HITPOINT WARNING * * *
Okay, then.
Appius hits the steam dragon.
Okay, then.
You are confused.
You feel invigorated.
You are engulfed in a cloud of scalding steam.
You die...

..........
...[...... ##
##......... ...
.......$.. ....
#.......#
≈....#R......#
≈≈≈≈..F.......#
≈≈≈≈≈...§D#....#
≈≈≈≈≈...§@# ...#
≈≈≈≈≈..§§§# ..
≈≈≈≈≈..#§§.
≈≈≈≈...#....
~≈.....#.....
..... ###....
..... #.### ..


You could see the friendly Appius the ancestor, Prince Ribbit and a steam dragon
(catching breath, ally target).

Vanquished Creatures
  Pikel (D:6)
  A black bear (D:6)
  An ice beast (D:6)
  An ogre (D:6)
  2 kobold brigands (Sewer)
  A scorpion (D:4)
  A howler monkey (D:4)
  2 hounds
  2 sleepcaps
  An iguana (D:6)
  4 gnolls (D:5)
  7 adders
  7 worms
  3 dart slugs
  9 orcs
  6 bats
  17 endoplasms
  6 giant cockroaches
  6 goblins
  5 hobgoblins
  9 jackals
  15 kobolds
  3 quokkas
  12 ball pythons
  2 frilled lizards
  7 rats
131 creatures vanquished.

Vanquished Creatures (collateral kills)
  A hound (D:6)
  An iguana (D:6)
  An orc wizard (D:6)
  An adder (D:6)
  A worm (D:6)
  2 orcs (D:6)
  A bat (Sewer)
  An endoplasm (Sewer)
  2 ball pythons (D:6)
  3 kobolds (Sewer)
  2 rats (D:6)
16 creatures vanquished.

Vanquished Creatures (others)
  2 ancestors (D:6)
2 creatures vanquished.

Grand Total: 149 creatures vanquished

Notes
Turn   | Place    | Note
-------+----------+-------------------------------------------
     0 | D:1      | GloriousHammer the Deep Elf Hexslinger began the quest for
                  | the Orb.
     0 | D:1      | Reached XP level 1. HP: 11/11 MP: 5/5
   103 | D:1      | Reached skill level 3 in Ranged Weapons
   155 | D:1      | Reached XP level 2. HP: 16/16 MP: 6/6
   547 | D:1      | Learned a level 2 spell: Jinxbite
   574 | D:1      | Reached XP level 3. HP: 20/20 MP: 8/8
  1055 | D:1      | Learned a level 3 spell: Sigil of Binding
  1159 | D:2      | Reached skill level 4 in Ranged Weapons
  1324 | D:2      | Reached XP level 4. HP: 10/24 MP: 7/10
  2596 | D:3      | Found a shimmering altar of Xom.
  2597 | D:3      | Found a hazy altar of Hepliaklqana.
  2597 | D:3      | Noticed a will-o-the-wisp
  2598 | D:3      | Noticed a spectral ugly thing
  2598 | D:3      | Noticed a will-o-the-wisp
  2962 | D:3      | Learned a level 3 spell: Inner Flame
  3035 | D:4      | Reached skill level 5 in Ranged Weapons
  3035 | D:4      | Reached skill level 5 in Hexes
  3035 | D:4      | Reached XP level 5. HP: 14/28 MP: 10/12
  3877 | D:4      | Reached XP level 6. HP: 33/33 MP: 14/14
  3912 | D:4      | Reached skill level 6 in Ranged Weapons
  3997 | D:4      | Learned a level 4 spell: Cause Fear
  4068 | D:3      | Became a worshipper of Hepliaklqana the Forgotten
  4123 | D:5      | Entered Level 5 of the Dungeon
  4613 | D:5      | Reached * piety under Hepliaklqana
  4894 | D:6      | Reached skill level 7 in Ranged Weapons
  4899 | D:6      | Reached XP level 7. HP: 11/33 MP: 8/16
  4906 | D:6      | Upgraded the game from 0.31-a0-703-gcfe89afef6 to
                  | 0.31-a0-716-gc7603755dd
  5032 | D:6      | Reached skill level 5 in Spellcasting
  5085 | D:6      | Found a glowing drain.
  5100 | Sewer    | Entered a sewer
  5576 | D:6      | Reached skill level 8 in Ranged Weapons
  5799 | D:6      | Noticed Pikel
  5808 | D:6      | Killed Pikel
  5809 | D:6      | Reached skill level 10 in Ranged Weapons
  5809 | D:6      | Reached XP level 8. HP: 37/37 MP: 13/19
  6184 | D:6      | Learned a level 4 spell: Dimensional Bullseye
  6188 | D:6      | Learned a level 3 spell: Swiftness
  6221 | D:7      | Noticed Prince Ribbit
  6227 | D:7      | Engulfed by a steam dragon's steam

Illustrated notes

Levels and vault maps discovered:
D:1:      wheals_arrival_linesprint, layout_basic,
          chequers_serial_rivers_large_a
D:2:      layout_loops_cross, minmay_domino_2
D:3:      layout_basic, regret_index_temple_of_mockery
D:4:      minmay_wonky_spiral, layout_loops_ring
D:5:      layout_basic, kennysheep_potato
D:6:      hellmonk_crumbling_castle, layout_loops_ring, portal_sewer_entry_e,
          hangedman_abyss_or_decor_passed, uniq_pikel
D:7:      layout_basic, tso_metal_star, temple_pool_b, serial_co_window_serial,
          co_window_of_opportunity_a, co_window_corner_a, co_window_cross_1,
          co_window_paths_a, co_window_paths_a, co_window_corner_a,
          co_window_corner_a, co_window_of_opportunity_c, co_window_broadway_b,
          co_window_corner_b, co_window_corner_b, co_window_corner_cb,
          co_window_2corner, glass_columns_a, glass_columns_a, glass_columns_c,
          glass_columns_a, glass_columns_a, uniq_prince_ribbit1

Skill      XL: |  1  2  3  4  5  6  7  8 |
---------------+-------------------------+-----
Ranged Weapons | 3 4 5 7 10 | 10.5
Spellcasting   | 2 3 4 6 |  6.0
Fire Magic     | 2 |  2.0
Hexes          | 5 6 7 8 |  8.0
Fighting       | |  0.7
Dodging        | |  2.4

Action                     |  1- 3 |  4- 6 |  7- 9 || total
---------------------------+-------+-------+-------++-------
   Fire: Sling             |   144 |   247 |   113 ||   504
   Cast: Jinxbite          |     3 |    10 |     8 ||    21
         Sigil of Binding  |       |     3 |     1 ||     4
         Inner Flame       |       |     1 |       ||     1
    Use: Scroll            |       |       |     6 ||     6
         Potion            |       |       |     1 ||     1
 Armour: Robe              |    31 |    59 |    26 ||   116
  Dodge: Dodged            |    45 |    71 |    13 ||   129

Table legend: (Time is in decaauts)
 A = Elapsed time spent in this place.
 B = Non-inter-level travel time spent in this place.
 C = Inter-level travel time spent in this place.
 D = Time resting spent in this place.
 E = Time spent auto-exploring this place.
 F = Levels seen in this place.
 G = Mean time per level.
                   A        B        C        D        E       F      G
               +--------+--------+--------+--------+--------+-----+--------+
         Total |   6328 |   5964 |    364 |    230 |   4448 |   8 |  791.0 |
       Dungeon |   5851 |   5487 |    364 |     60 |   4264 |   7 |  835.9 |
         Sewer |    476 |    476 |      0 |    170 |    183 |   1 |  476.0 |
               +--------+--------+--------+--------+--------+-----+--------+

Top non-repeatable levels by time:
     D:1: 1108 daAuts
     D:3: 1107 daAuts
     D:4: 1076 daAuts
     D:6: 905 daAuts
     D:2: 897 daAuts
     D:5: 746 daAuts
   Sewer: 476 daAuts
     D:7: 10 daAuts
